Cogmind - Beta 17 @@@ ROGUE MODE // 2026.07.14 @ 00:27:00 Player: Cracklepappy Result: Destroyed by Y-64 Sentinel with Wave Gun Performance ------------- Evolutions (5) 2500 Regions Visited (25) 5000 Robots Destroyed (391) 1955 Value Destroyed (17162) 17162 Prototype IDs (54) 1080 Alien Tech Used (0) 0 Bonus (23632) 23632 TOTAL SCORE: 51329 Bonus ------- Triggered High Security 500 High Alert Combat Kills 3733 Follower Combat Kills 2531 Prayed to X0-1V1 5000 Major X0-1V1 Interference 8350 Subatomizer Sterilization 3000 Entered Garrisons 800 Aligned with FarCom 300 Met Imprinter 300 Acquired ECA 300 Friendly Fire -1182 Cogmind --------- Core Integrity 0/940 Matter 217/300 Energy 252/1300 System Corruption 0% Temperature Cool (9) Movement Flying (25) Location -5/Factory Parts ------- > --- POWER (2) -------- (None) > --- PROPULSION (3) --- Surge Thruster Improved Diametric Drive Improved Diametric Drive > --- UTILITY (7) ------ Small Storage Unit X0-1V1's Piety Tracker > --- WEAPON (9) ------- Backup Laser III Backup Laser III > --- INVENTORY (8) ---- Nuclear Pulse Array Core Analyzer Point Defense System Thermic Laser Katana PL-3XN's Ring of Power Peak State ------------ > --- POWER ------------ Light Antimatter Reactor > --- PROPULSION ------- Compact Wheel Armored Huge Wheel > --- UTILITY ---------- Improved Coolant Injector Huge Storage Unit Experimental Targeting Computer Experimental Core Analyzer Advanced Recoil Stabilizer X0-1V1's Piety Tracker > --- WEAPON ----------- Autogun Autogun Gauss Rifle Gauss Rifle Gauss Rifle Flak Gun Heavy Machine Gun Improved Heavy Machine Gun KE Penetrator > --- INVENTORY -------- Protomatter Cooled Fission Core Advanced Treads Heavy Treads Wheel Wheel Improved Cooling System High-capacity Matter Pod High-capacity Matter Pod Advanced Recoil Stabilizer Heavy Servo Lattice Advanced Transmission Jammer Advanced Component Analysis Suite High-powered Tractor Beam Gatling Laser Thermic Laser Thermic Laser Thermic Laser Thermic Laser Thermic Laser Thermic Laser Heavy Machine Gun KE Penetrator Scythe [Rating: 106] Favorites ----------- Power Cooled Fission Core Engine Ion Engine Power Core Cooled Fission Core Reactor Cold Fusion Reactor Propulsion Light Treads Treads Light Treads Wheel Armored Wheel Flight Unit Improved Diametric Drive Utility X0-1V1's Piety Tracker Device X0-1V1's Piety Tracker Storage Huge Storage Unit Processor Experimental Targeting Computer Protection Layered Medium Armor Plating Weapon Gauss Rifle Energy Gun Gatling Laser Energy Cannon Beam Cannon Ballistic Gun Gauss Rifle Ballistic Cannon Assault Cannon Launcher Mini Grenade Launcher Special Weapon Plasma Flamer Impact Weapon Heavy Flail Slashing Weapon Scythe Special Melee Weapon Datajack Build | -11 -10 -10 -9 -9 -9 -8 -8 -8 -8 -8 -8 -7 -7 -7 -7 -6 -6 -6 -6 -6 -6 -6 -6 -5 -5 ------- Run | Yrd Mat Min Mat Min Exi Min Mat Gar Mat Gar Mat Fac Was Fac Gar Fac Was Fac Gar Fac Low Low Zio Pro Fac Slots Evolved 10 | . . . 2 . . . 2 . . . . 2 . . . 2 . . . . . . . . 2 Power 1 | . . . . . . . . . . . . . . . . . . . . . . . . . 1 Propulsion . | . . . . . . . . . . . . . . . . . . . . . . . . . . Utility 4 | . . . . . . . 1 . . . . 1 . . . 2 . . . . . . . . . Weapon 5 | . . . 2 . . . 1 . . . . 1 . . . . . . . . . . . . 1 Parts Attached 264 | 4 18 1 17 . 20 3 17 12 7 24 12 33 7 . 9 2 5 3 10 13 3 9 5 1 29 Power 21 | . 4 . 1 . 4 . 1 . . 2 2 1 . . . . . . 1 1 . . . . 4 Engine 8 | . 4 . 1 . 1 . . . . 1 . 1 . . . . . . . . . . . . . Core 10 | . . . . . 3 . . . . 1 2 . . . . . . . . 1 . . . . 3 Reactor 3 | . . . . . . . 1 . . . . . . . . . . . 1 . . . . . 1 Propulsion 46 | 2 2 . 2 . 3 2 2 2 1 5 4 5 . . . . . . 2 5 2 . 1 . 6 Treads 20 | 2 2 . . . 1 2 1 1 1 5 2 . . . . . . . . 1 2 . . . . Leg . | . . . . . . . . . . . . . . . . . . . . . . . . . . Wheel 23 | . . . 2 . 2 . 1 1 . . 2 5 . . . . . . 2 4 . . 1 . 3 Hover . | . . . . . . . . . . . . . . . . . . . . . . . . . . Flight 3 | . . . . . . . . . . . . . . . . . . . . . . . . . 3 Utility 74 | 1 6 . 4 . 7 1 4 2 5 5 3 4 2 . 2 2 3 . 1 3 1 5 4 . 9 Device 51 | 1 3 . 3 . 4 . 3 1 2 5 2 4 2 . 2 . 3 . 1 2 1 4 2 . 6 Storage 8 | . 2 . . . 2 . 1 . . . 1 . . . . . . . . . . . 1 . 1 Processor 10 | . 1 . 1 . 1 1 . 1 2 . . . . . . 2 . . . 1 . . . . . Hackware . | . . . . . . . . . . . . . . . . . . . . . . . . . . Protection 5 | . . . . . . . . . 1 . . . . . . . . . . . . 1 1 . 2 Artifact . | . . . . . . . . . . . . . . . . . . . . . . . . . . Weapon 123 | 1 6 1 10 . 6 . 10 8 1 12 3 23 5 . 7 . 2 3 6 4 . 4 . 1 10 Energy Gun 17 | . 2 . . . . . . . . 2 . 9 1 . . . 1 . . . . . . . 2 Energy Cannon 13 | . 2 . . . . . 4 . . . . 3 . . . . . . . . . . . 1 3 Ballistic Gun 67 | 1 2 . 4 . 4 . 4 7 . 8 3 4 4 . 7 . 1 3 6 2 . 4 . . 3 Ballistic Cannon 18 | . . . 6 . . . 1 . 1 . . 7 . . . . . . . 1 . . . . 2 Launcher 1 | . . . . . 1 . . . . . . . . . . . . . . . . . . . . Special Weapon 3 | . . 1 . . . . . . . 2 . . . . . . . . . . . . . . . Impact Weapon 1 | . . . . . . . 1 . . . . . . . . . . . . . . . . . . Slashing Weapon 2 | . . . . . . . . 1 . . . . . . . . . . . 1 . . . . . Piercing Weapon . | . . . . . . . . . . . . . . . . . . . . . . . . . . Special Melee Weapon 1 | . . . . . 1 . . . . . . . . . . . . . . . . . . . . Unidentified Prototypes 7 | . 1 . . . . . 1 . . . . . . . . . . 1 . . . 1 1 . 2 Corrupted Parts 1 | . . . . . . . . . . . . . . . . . . . . . . . . 1 . System Corruption 3 | . . . . . . . . . . . . . . . . . . . . . . . . 3 . Parts Lost 78 | . 3 . . . 12 . 1 3 1 19 1 14 . . . . . . . . 2 . . 1 21 Power 7 | . . . . . 2 . . . . 1 . . . . . . . . . . . . . . 4 Propulsion 18 | . 2 . . . 2 . . 1 . 5 . 3 . . . . . . . . . . . . 5 Utility 19 | . . . . . 2 . 1 . 1 5 1 3 . . . . . . . . . . . 1 5 Weapon 34 | . 1 . . . 6 . . 2 . 8 . 8 . . . . . . . . 2 . . . 7 Highest Loss Streak 15 | . 1 . . . 12 . 1 1 1 6 1 13 . . . . . . . . 2 . . 1 15 To Critical Strikes 10 | . . . . . 8 . . . . . . 1 . . . . . . . . . . . . 1 Average Backups 22 | 2 17 20 19 20 17 20 21 23 23 22 23 23 25 25 24 24 24 23 23 23 23 23 23 22 21 Power 1 | . 1 1 1 1 1 2 1 1 1 1 1 1 1 1 1 1 1 1 1 . 1 1 1 1 . Propulsion 3 | . 6 6 5 4 3 3 2 2 2 1 1 1 2 2 2 2 3 3 4 4 3 3 3 2 1 Utility 8 | . 3 5 4 6 7 12 11 13 13 11 11 13 11 11 10 9 8 8 7 6 6 9 9 8 9 Weapon 8 | 1 6 8 7 8 4 2 5 6 6 7 8 7 10 11 11 11 11 11 10 12 12 9 8 9 9 Tool/Special . | . . . . . . . . . . . . . . . . . . . . . . . . . . Unused Backups 114 | . 15 1 16 . 7 1 4 5 3 4 2 5 . . 9 1 5 2 2 11 1 1 2 1 16 Power 5 | . . . . . 3 . . . . . . 1 . . . . . . . 1 . . . . . Propulsion 26 | . 7 . 7 . . . . 1 1 . . 2 . . . . 2 . . 4 . . . . 2 Utility 37 | . 3 1 3 . 3 1 2 1 2 1 . 2 . . 5 . 2 . . 2 1 . 1 . 7 Weapon 44 | . 5 . 6 . 1 . 2 3 . 3 2 . . . 4 1 1 2 2 2 . 1 1 1 7 Tool/Special 2 | . . . . . . . . . . . . . . . . . . . . 2 . . . . . Average Slot Usage (%) 95 | . 98 100 99 100 74 98 98 99 99 98 99 90 91 92 91 92 93 93 92 97 100 99 96 100 87 Engine 4 | . 13 14 11 11 8 10 5 . . 3 . 5 7 7 3 . . . . . . . . . . Core 3 | . . . . . 2 . . . . 4 8 1 . . 3 6 6 6 1 4 6 6 6 6 8 Treads 9 | . 27 28 5 . . 7 12 8 8 20 10 3 . . . . . . . 3 16 18 . 13 2 Wheel 8 | . . . 8 11 10 10 8 14 16 4 14 12 14 14 14 12 12 12 11 12 1 . 17 4 11 Device 20 | . 13 14 17 22 21 21 21 20 13 15 15 15 21 21 21 18 18 18 17 27 31 25 25 25 17 Storage 8 | . 13 14 11 11 11 10 6 8 8 8 8 7 7 7 7 6 6 6 5 6 6 6 6 6 4 Processor 4 | . . . 1 . . . . 3 8 8 8 3 . . . 11 12 12 11 6 6 6 6 6 4 Protection 1 | . . . . . . . . . 2 . . . . . . . . . . . . 5 5 6 4 Energy Gun 1 | . 3 . . . . . . . . 1 . 4 4 7 . . 30 . . . . . . . 2 Energy Cannon 1 | . 10 13 . . . . 5 1 . . . 2 5 . . . . . . . . . . . 1 Ballistic Gun 24 | . 13 14 22 8 11 3 10 29 33 28 33 19 24 35 38 31 1 37 38 33 30 27 27 30 22 Ballistic Cannon 5 | . . . 22 35 3 32 23 1 . 1 . 13 7 . . . . . . . . 3 . . 2 Peak Build Rating 106 | 4 22 22 36 36 56 52 59 63 62 59 58 69 68 61 69 84 89 89 106 89 89 97 90 94 101 Average Rating 60 | 2 10 22 29 35 32 45 54 55 60 51 55 62 62 61 62 83 85 87 90 85 86 93 84 91 88 On Entrance 59 | . 4 22 22 36 35 52 44 52 58 61 52 57 68 61 61 69 84 85 88 87 84 88 92 87 91 Avg Prop Armor Cover (%) 8 | 31 29 . . . . 8 8 7 6 10 7 7 . . . . . . . 7 8 . . . 5 Naked Turns 4 | . . . . . . . . . . . . . . . . . . . . . . . . . 4 Heaviest Build 152 | 3 51 51 70 70 74 74 125 115 116 111 104 136 130 115 126 125 129 129 132 128 125 134 127 132 152 Greatest Support 74 | 20 40 40 52 24 24 24 40 52 36 74 72 50 50 50 50 50 50 50 56 56 72 72 54 72 72 Greatest Overweight (x) 4 | . 1 1 4 2 3 3 4 4 3 4 4 4 2 2 2 2 2 2 2 3 3 1 2 2 3 Average Overweight (x) 1 | . . 1 1 2 2 2 3 2 3 1 1 2 2 2 2 2 2 2 2 2 1 1 1 1 1 Largest Inventory Capacity 25 | 5 20 20 20 20 20 20 25 25 25 25 25 25 25 25 25 25 25 25 25 25 25 25 25 25 25 Average Capacity 23 | 5 18 20 20 20 20 20 22 25 25 25 25 25 25 25 25 25 25 25 25 25 25 25 25 25 23 Most Carried 25 | 4 20 20 20 20 20 20 25 25 25 25 25 25 25 25 25 25 25 25 25 25 25 25 25 25 25 Average Carried 22 | 3 17 19 19 19 17 19 22 24 24 23 24 24 24 25 24 24 24 24 24 24 24 24 24 24 23 Final Capacity 25 | 5 20 20 20 20 20 20 25 25 25 25 25 25 25 25 25 25 25 25 25 25 25 25 25 25 8 Final Carried 25 | 4 20 20 20 20 20 20 25 25 24 25 25 25 25 25 25 25 25 25 24 25 23 25 25 25 7 Class Distribution -------------------- 24% | Scavenger-Gunner 24% | Gunner 21% | Scavenger-Executioner 16% | Mutant 3% | Commander-Executioner 3% | Derelict-Executioner Dominant Class ---------------- Mutant | -10/Materials Mutant | -10/Mines Gunner | -9/Materials Gunner | -9/Mines Mutant | -9/Exiles Gunner | -8/Mines Executioner | -8/Materials Scavenger-Gunner | -8/Garrison Gunner | -8/Materials Scavenger-Gunner | -8/Garrison Scavenger-Gunner | -8/Materials Scavenger-Executioner | -7/Factory Derelict-Executioner | -7/Waste Derelict-Executioner | -7/Factory Commander-Executioner | -7/Garrison Commander-Executioner | -6/Factory Scavenger-Executioner | -6/Waste Scavenger-Executioner | -6/Factory Scavenger-Executioner | -6/Garrison Scavenger-Executioner | -6/Factory Scavenger-Gunner | -6/Lower Caves Scavenger-Gunner | -6/Lower Caves Gunner | -6/Zion Gunner | -5/Proximity Caves Scavenger-Executioner | -5/Factory Resources | -11 -10 -10 -9 -9 -9 -8 -8 -8 -8 -8 -8 -7 -7 -7 -7 -6 -6 -6 -6 -6 -6 -6 -6 -5 -5 ----------- Run | Yrd Mat Min Mat Min Exi Min Mat Gar Mat Gar Mat Fac Was Fac Gar Fac Was Fac Gar Fac Low Low Zio Pro Fac Matter Collected 21342 | 268 636 103 870 20 1917 225 673 1786 1140 1320 1276 1701 1176 . 285 70 550 1010 1495 1719 636 1073 188 311 894 Remotely 1356 | . . . . . . . . . . 120 421 453 . . . . . . . 199 . . . . 163 Salvage Created 19054 | 115 767 6 1012 . 590 217 616 1238 1473 1617 1599 1384 617 . 18 . 270 998 1828 1634 545 1035 . 449 1026 Parts 964 | 9 48 . 62 . 73 11 30 72 79 89 91 59 7 . . . 2 40 74 80 20 46 . 18 54 Haulers Intercepted 27 | . 2 . 5 . . . 4 . 5 . 4 1 . . . . . 2 . 1 . 1 . . 2 Recyclers Shooed 5 | . . . . . . . . . . . 1 . . . . . . . . 1 . . . . 3 Parts Field Recycled . | . . . . . . . . . . . . . . . . . . . . . . . . . . Retrieved Matter . | . . . . . . . . . . . . . . . . . . . . . . . . . . Parts Self-Destructed 82 | . . . . . . . . . . . . . . . . . . . . . 20 33 . 29 . Prevented 1 | . . . . . . . . . . . . . . . . . . . . . . . . 1 . Parts Restored . | . . . . . . . . . . . . . . . . . . . . . . . . . . Kills | -11 -10 -10 -9 -9 -9 -8 -8 -8 -8 -8 -8 -7 -7 -7 -7 -6 -6 -6 -6 -6 -6 -6 -6 -5 -5 ------- Run | Yrd Mat Min Mat Min Exi Min Mat Gar Mat Gar Mat Fac Was Fac Gar Fac Was Fac Gar Fac Low Low Zio Pro Fac Combat Hostiles Destroyed 289 | . 16 1 10 . 7 . 13 28 18 33 20 27 1 . . . 1 8 31 20 10 20 . 11 14 Guns 237 | . 12 . 5 . 1 . . 27 18 31 20 16 . . . . . 8 31 19 10 17 . 10 12 Cannons 44 | . 3 1 5 . . . 13 1 . 2 . 11 1 . . . . . . 1 . 3 . 1 2 AOE 6 | . . . . . 6 . . . . . . . . . . . . . . . . . . . . Classes Destroyed 25 | 2 4 1 6 . 2 . . 3 1 1 . . 1 . . . . 1 1 1 . 1 . . . Worker 27 | . . . 1 . . 1 3 . 4 . 2 7 . . . . . 2 . 3 . . . . 4 Builder 14 | . . . 1 . . 2 . . . . 1 1 . . . . . 1 . 4 . . . . 4 Tunneler 4 | 2 . . . . . . 1 . . . . . . . . . . 1 . . . . . . . Hauler 27 | . 2 . 5 . . . 4 . 5 . 4 1 . . . . . 2 . 1 . 1 . . 2 Recycler 19 | 1 1 . 4 . . 3 1 . 2 . 1 1 . . . . . 2 . 2 . . . . 1 Operator 5 | . . . 2 . . . . . . . 1 1 . . . . . . . 1 . . . . . Turret 1 | . . . . . 1 . . . . . . . . . . . . . . . . . . . . Watcher 5 | . 1 . 2 . . . . . 1 . . 1 . . . . . . . . . . . . . Swarmer 51 | . 5 . . . . . 3 9 2 8 . . . . . . . . 9 1 . 3 . 4 7 Cutter 2 | . . . 1 . . . 1 . . . . . . . . . . . . . . . . . . Saboteur 2 | . . . . . . . . . . . . . . . . . . . 1 . . . . . 1 Grunt 126 | . 11 . 3 . . . 5 11 9 9 15 9 . . . . . 4 15 11 8 9 . 6 1 Brawler 2 | . . . . . . . . . . . . . . . . . . . . 2 . . . . . Duelist 12 | . . . 1 . . . 2 . 2 2 . . . . . . . 1 2 . . . . . 2 Protector 1 | . . . . . . . . . 1 . . . . . . . . . . . . . . . . Sentry 32 | . . . 6 . . . 2 3 3 4 4 5 . . . . . 1 2 1 . 1 . . . Demolisher 4 | . . . . . . . . . . 1 . 2 . . . . . . . 1 . . . . . Specialist 6 | . . . . . . . . 2 . 2 . . . . . . . 1 . 1 . . . . . Hunter 15 | . . . . . . . . 2 1 4 2 1 . . . . . . . 1 2 1 . . 1 Programmer 11 | . . . . . . . . 1 . 3 . 2 . . . . . . 2 1 . . . . 2 Behemoth 3 | . . . . . . . . . . . . . . . . . . 1 . 1 . . . 1 . Compactor 2 | . . . . . . . . . . . . . 1 . . . 1 . . . . . . . . Zionite 8 | . . . . . 8 . . . . . . . . . . . . . . . . . . . . Assembled 15 | . . 1 . . 6 . . . . . . 8 . . . . . . . . . . . . . Wasp 1 | . . . . . . . . . . . . . . . . . . 1 . . . . . . . Thug 4 | . . . . . . . . . . . . . . . . . . . . . . 4 . . . Savage 1 | . . . . . . . . . . . . . . . . . . . . . . 1 . . . Martyr 2 | . . . . . . . . . . . . . 1 . . . 1 . . . . . . . . Mutant 1 | . . . . . . . . . . . . . . . . . . . . . . 1 . . . Best Kill Streak 13 | 3 4 1 3 . 6 3 5 7 7 6 7 8 1 . . . 1 5 13 6 4 5 . 4 10 Combat Bots Only 13 | . 4 1 2 . 6 . 4 7 5 6 7 8 1 . . . 1 4 13 5 4 5 . 4 5 Max Kills in Single Turn 4 | 1 1 1 3 . 4 2 1 2 2 2 2 2 1 . . . 1 2 2 2 1 2 . 3 2 Gunslinging 2 | . . . . . . . . . . . 1 . . . . . . 1 1 . . 1 . 2 . Exploded 4 | . . . . . 4 . . . . . . . . . . . . . . . . . . . . Melee . | . . . . . . . . . . . . . . . . . . . . . . . . . . Uniques/NPCs Destroyed 4 | . . . . . 4 . . . . . . . . . . . . . . . . . . . . 8R-AWN (-9/Exiles) EX-BIN (-9/Exiles) EX-HEX (-9/Exiles) EX-DEC (-9/Exiles) Combat | -11 -10 -10 -9 -9 -9 -8 -8 -8 -8 -8 -8 -7 -7 -7 -7 -6 -6 -6 -6 -6 -6 -6 -6 -5 -5 -------- Run | Yrd Mat Min Mat Min Exi Min Mat Gar Mat Gar Mat Fac Was Fac Gar Fac Was Fac Gar Fac Low Low Zio Pro Fac Hostile Shots Fired 1554 | . 87 9 31 . 84 . 31 119 61 158 54 243 . . . 18 . 12 58 42 64 57 . 31 395 Missed 476 | . 18 2 8 . 9 . 10 37 21 42 15 78 . . . 7 . 3 20 16 20 13 . 9 148 Hits 1078 | . 69 7 23 . 75 . 21 82 40 116 39 165 . . . 11 . 9 38 26 44 44 . 22 247 Melee 17 | . . . . . . . . . . . . 5 . . . . . . 2 . . 1 . . 9 Projectile 1061 | . 69 7 23 . 75 . 21 82 40 116 39 160 . . . 11 . 9 36 26 44 43 . 22 238 AOE 35 | . . 6 . . . . . . . 13 . 11 . . . . . . . 4 . . . . 1 Critical Strikes 65 | . . . 2 . 35 . . 3 . 6 . 2 . . . . . 1 1 . 3 3 . . 9 Part Disruptions 1 | . . . . . . . . . . . . . . . . . . 1 . . . . . . . Damage Taken 17323 | . 708 180 286 . 1392 . 255 1042 551 2107 625 2341 . . . 78 . 192 680 613 729 853 . 521 4170 Core 2375 | . 102 67 10 . 204 . 26 151 33 220 100 276 . . . . . 48 52 34 20 12 . 58 962 Absorbed by Shields 283 | . . . . . . . . . 57 51 . 164 . . . . . . . . . . . . 11 Ignored by Resistances 39 | . . . . . . . . 39 . . . . . . . . . . . . . . . . . Regen/Repaired (Parts) 180 | . 111 . . . . . . . . . . . 36 . . . 11 22 . . . . . . . Core Remaining (%) 64 | 100 . 62 . . . 37 . . . . 33 . . . 86 . . . . . . . . 71 . Volleys Fired 874 | 14 75 4 36 . 132 6 38 61 45 103 45 71 7 . 6 1 2 24 53 40 20 33 . 16 42 Largest 9 | 1 2 2 4 . 4 3 7 4 4 4 4 6 6 . 1 5 5 6 9 6 5 5 . 5 6 Hottest 400 | 20 80 100 148 . 92 111 307 163 111 142 114 283 251 . 28 135 400 168 229 183 140 153 . 186 307 Shots Fired 2997 | 14 127 8 145 . 208 19 141 183 180 305 180 324 32 . 6 5 10 140 231 216 104 157 . 78 184 Gun 2506 | 14 109 3 75 . 200 . 28 165 180 269 180 221 5 . 6 5 10 140 231 211 102 133 . 75 144 Cannon 458 | . 18 4 70 . 1 19 113 16 . 14 . 102 27 . . . . . . 5 2 24 . 3 40 Launcher 9 | . . . . . 7 . . 2 . . . . . . . . . . . . . . . . . Special 24 | . . 1 . . . . . . . 22 . 1 . . . . . . . . . . . . . Kinetic 2765 | 14 79 3 145 . 201 19 117 168 180 269 180 293 25 . 6 5 . 140 231 216 104 157 . 75 138 Thermal 178 | . 18 5 . . . . 24 13 . 24 . 30 7 . . . 10 . . . . . . 3 44 Explosive 9 | . . . . . 7 . . 2 . . . . . . . . . . . . . . . . . Electromagnetic 34 | . 30 . . . . . . . . 2 . . . . . . . . . . . . . . 2 Robot Hit Streak 25 | 4 12 3 11 . 22 9 7 13 14 13 7 11 6 . . 4 12 25 25 20 16 25 . 9 7 Robot Miss Streak 9 | 1 4 1 6 . 4 2 8 7 5 5 3 9 3 . . 1 2 4 4 6 5 3 . 5 6 Penetration Max 2 | . . . . . 2 . 1 1 1 1 1 1 . . . . . 1 1 1 . 1 . 1 1 Secondary Targets 49 | . 3 . . . . . . 7 5 5 8 1 . . . . . 2 8 3 1 1 . 3 2 Max Gunslinging Chain 2 | . 1 . . . . . . 1 1 1 1 1 . . . . . 1 1 1 1 1 . 2 1 Shots Hit Robots 1834 | 9 85 4 69 . 150 8 78 134 97 176 92 166 20 . 2 4 19 86 169 155 69 92 . 54 96 Core Hits 927 | 4 31 2 31 . 45 5 38 56 48 58 48 82 7 . 1 . 9 66 111 88 45 64 . 28 60 Critical Kills 27 | 1 1 . . . 7 . . 2 1 2 2 1 . . . . . 1 1 2 . 3 . 1 2 Critical Parts Destroyed 26 | . . . . . 7 . . . 1 8 . 1 . . . . . 1 2 . 2 2 . 1 1 Critical Strikes 67 | 1 1 . 1 . 14 . 2 3 2 12 2 5 . . . . . 2 4 2 2 6 . 2 6 Burn 4 | . . . . . . . . . . 2 . 1 . . . . . . . . . . . . 1 Meltdown 1 | . 1 . . . . . . . . . . . . . . . . . . . . . . . . Destroy 52 | 1 . . . . 14 . . 2 2 10 2 2 . . . . . 2 3 2 2 5 . 2 3 Blast 8 | . . . 1 . . . 2 . . . . 2 . . . . . . . . . 1 . . 2 Sever 2 | . . . . . . . . 1 . . . . . . . . . . 1 . . . . . . Melee Attacks 94 | . . . . . 4 . . 35 . 4 . . 1 . 16 1 9 . 15 9 . . . . . Impact . | . . . . . . . . . . . . . . . . . . . . . . . . . . Slashing 90 | . . . . . . . . 35 . 4 . . 1 . 16 1 9 . 15 9 . . . . . Piercing . | . . . . . . . . . . . . . . . . . . . . . . . . . . Sneak Attacks 16 | . . . . . 4 . . . . . . . 1 . . . 9 . . 2 . . . . . Combat Hostiles . | . . . . . . . . . . . . . . . . . . . . . . . . . . Follow-up Attacks . | . . . . . . . . . . . . . . . . . . . . . . . . . . Damage Inflicted 41109 | 111 1177 68 1352 . 2487 244 1826 3471 2275 3394 2109 3664 625 . 154 69 821 1992 3693 3510 1175 2268 . 1374 3250 Guns 30952 | 111 962 15 685 . 2102 . 214 1925 2275 2852 2109 2364 117 . . 69 262 1971 2978 3249 1175 2001 . 1294 2222 Cannons 5952 | . 212 53 667 . . 244 1612 157 . 241 . 1300 444 . . . . . . 99 . 267 . 80 576 Explosions 947 | . . . . . 385 . . . . 110 . . . . . . . . . . . . . . 452 Melee 3104 | . . . . . . . . 1389 . 61 . . 64 . 154 . 559 . 715 162 . . . . . Ramming 24 | . 3 . . . . . . . . . . . . . . . . 21 . . . . . . . Kinetic 34212 | 111 678 15 1352 . 2102 244 1561 2057 2275 2823 2109 3369 428 . . 69 . 1971 2978 3348 1175 2268 . 1294 1985 Thermal 2598 | . 212 53 . . . . 265 25 . 510 . 295 133 . . . 262 . . . . . . 80 763 Explosive 385 | . . . . . 385 . . . . . . . . . . . . . . . . . . . . Electromagnetic 786 | . 284 . . . . . . . . . . . . . . . . . . . . . . . 502 Impact . | . . . . . . . . . . . . . . . . . . . . . . . . . . Slashing 3104 | . . . . . . . . 1389 . 61 . . 64 . 154 . 559 . 715 162 . . . . . Piercing . | . . . . . . . . . . . . . . . . . . . . . . . . . . Highest Corruption 17 | . 1 1 . 12 12 12 12 1 . 5 . 2 2 . . 2 2 . 1 7 16 17 17 5 11 Average Corruption 6 | . 1 1 . 12 12 12 12 1 . 3 . 2 2 . . 1 2 . 1 3 13 9 17 2 7 Corruption Purged 10 | . . . . . . . . . . . . . . . . . . . . . . 10 . . . Corruption Blocked . | . . . . . . . . . . . . . . . . . . . . . . . . . . Effects 311 | . 16 7 . 7 71 7 14 1 . 14 . 5 6 . . 1 5 . 9 4 53 46 3 9 33 Message Errors 80 | . 2 1 . . 16 2 5 . . . . 3 4 . . . . . 1 2 15 12 1 3 13 Matter Fused 69 | . 3 3 . 3 15 . 2 . . 5 . 1 1 . . . 2 . 2 . 12 14 . 1 5 Heat Flow Errors 44 | . 3 1 . 1 11 2 3 . . 3 . . . . . 1 . . 1 2 5 5 1 2 3 Energy Discharges 29 | . 1 2 . 1 8 . . . . 2 . 1 . . . . 1 . 2 . 4 3 . 1 3 Parts Rejected 2 | . 1 . . . . . . . . . . . . . . . . . . . 1 . . . . Parts Fused 2 | . . . . . 1 . 1 . . . . . . . . . . . . . . . . . . Data Loss (minor) 40 | . 4 . . 1 10 2 2 . . 2 . . 1 . . . 1 . 1 . 3 6 1 2 4 Data Loss (major) 17 | . 1 . . 1 3 . . . . . . . . . . . 1 . 1 . 4 3 . . 3 Misfires 12 | . 1 . . . 2 1 . 1 . 1 . . . . . . . . . . 6 . . . . Alerts 3 | . . . . . 1 . 1 . . . . . . . . . . . . . . 1 . . . Misdirections 1 | . . . . . . . . . . . . . . . . . . . . . . . . . 1 Weapon Failures 12 | . . . . . 4 . . . . 1 . . . . . . . . 1 . 3 2 . . 1 Overload Shots . | . . . . . . . . . . . . . . . . . . . . . . . . . . Overflow Damage 454 | . 22 . 25 . 5 20 55 53 . 117 . 1 . . 47 . 94 . . . . 5 . . 10 Projectiles 215 | . 22 . 25 . . 20 55 . . 77 . 1 . . . . . . . . . 5 . . 10 Explosions 45 | . . . . . 5 . . . . 40 . . . . . . . . . . . . . . . Melee 194 | . . . . . . . . 53 . . . . . . 47 . 94 . . . . . . . . Knockbacks 45 | . . . 6 . . 3 20 4 . 1 . 6 . . . . . . . . . 1 . . 4 Impact . | . . . . . . . . . . . . . . . . . . . . . . . . . . Kinetic 42 | . . . 6 . . 2 19 4 . 1 . 6 . . . . . . . . . 1 . . 3 Secondary 3 | . . . . . . 1 1 . . . . . . . . . . . . . . . . . 1 Self-Inflicted Damage 51 | . . . . . 2 . . 39 . . . . . . . . . 10 . . . . . . . Shots 2 | . . . . . 1 . . 1 . . . . . . . . . . . . . . . . . Rammed 2 | . 1 . . . . . . . . . . . . . . . . 1 . . . . . . . Targets Rammed 2 | . 1 . . . . . . . . . . . . . . . . 1 . . . . . . . Kicked . | . . . . . . . . . . . . . . . . . . . . . . . . . . Crushed . | . . . . . . . . . . . . . . . . . . . . . . . . . . Highest Temperature 389 | . 223 121 302 203 248 200 153 99 198 287 33 344 84 . . 168 183 21 203 269 170 218 163 165 389 Average Temperature 63 | . 67 32 90 115 75 49 39 27 45 41 6 68 24 . . 60 83 5 47 48 77 73 108 91 137 Received Heat Transfer 3594 | . 285 . 96 . . . 90 306 213 391 315 248 . . . 24 . 9 201 63 261 333 . 87 672 Effects 11 | . . . 4 . 3 . . . . . . . . . . . . . . 1 . . . . 3 Energy Bleed 3 | . . . 2 . . . . . . . . . . . . . . . . 1 . . . . . Interference 7 | . . . 2 . 3 . . . . . . . . . . . . . . . . . . . 2 Matter Decay 1 | . . . . . . . . . . . . . . . . . . . . . . . . . 1 Siege Activations . | . . . . . . . . . . . . . . . . . . . . . . . . . . Martial Activations . | . . . . . . . . . . . . . . . . . . . . . . . . . . Shielding Activations . | . . . . . . . . . . . . . . . . . . . . . . . . . . Robots Disrupted 1 | . . . . . . . . . . . . . . . . . . . . . . . . . 1 Combat Hostiles 1 | . . . . . . . . . . . . . . . . . . . . . . . . . 1 Robots Corrupted . | . . . . . . . . . . . . . . . . . . . . . . . . . . Combat Hostiles . | . . . . . . . . . . . . . . . . . . . . . . . . . . Parts Fried 1 | . 1 . . . . . . . . . . . . . . . . . . . . . . . . Impact Corruptions . | . . . . . . . . . . . . . . . . . . . . . . . . . . Robots Melted 2 | . 1 . . . . . . . . . . . . . . . 1 . . . . . . . . Combat Hostiles 2 | . 1 . . . . . . . . . . . . . . . 1 . . . . . . . . Parts Melted 10 | . 1 . . . . . 1 . . 1 . 1 . . . . 4 . . . . . . . 2 Heat Transferred 5265 | . 444 111 . . . . 481 37 . 1509 . 592 185 . . . 600 . . . . . . 150 1156 Parts Sabotaged 4 | . . . . . . . . . . . . . . . . . . . 4 . . . . . . Parts Stolen . | . . . . . . . . . . . . . . . . . . . . . . . . . . Parts Stripped . | . . . . . . . . . . . . . . . . . . . . . . . . . . Power Chain Reactions . | . . . . . . . . . . . . . . . . . . . . . . . . . . Alert | -11 -10 -10 -9 -9 -9 -8 -8 -8 -8 -8 -8 -7 -7 -7 -7 -6 -6 -6 -6 -6 -6 -6 -6 -5 -5 ------- Run | Yrd Mat Min Mat Min Exi Min Mat Gar Mat Gar Mat Fac Was Fac Gar Fac Was Fac Gar Fac Low Low Zio Pro Fac Maximum Alert Level 5 | . . 1 2 1 . 1 1 4 3 5 4 2 . . 3 3 1 3 5 5 . . . . 1 Low Security (%) 39 | 100 100 92 38 75 . 95 58 4 . . . . 100 100 12 . 88 14 . . . . . . 95 Level 1 12 | . . 7 32 24 . 4 41 17 . . . . . . 46 . 11 48 . . . . . . 4 Level 2 21 | . . . 28 . . . . 9 93 41 . 100 . . 31 86 . 30 10 . . . . . . Level 3 12 | . . . . . . . . 61 6 22 76 . . . 9 13 . 6 16 31 . . . . . Level 4 9 | . . . . . . . . 5 . 33 23 . . . . . . . 21 54 . . . . . Level 5 4 | . . . . . . . . . . 3 . . . . . . . . 52 3 . . . . . High Security . | . . . . . . . . . . . . . . . . . . . . 10 . . . . . Max Security . | . . . . . . . . . . . . . . . . . . . . . . . . . . Sterilizations 1 | . . . . . . . . . . . 1 . . . . . . . . . . . . . . Peak Influence 2069 | 5 114 228 688 265 . 212 281 1226 751 1607 1197 630 181 . 834 720 220 739 2069 1760 . . . . 248 Initial 1085 | . 3 . 35 265 . . 76 142 597 487 783 508 181 . . 437 220 . 438 1085 . . . . 25 Average 499 | 1 25 61 257 128 . 10 188 715 616 936 989 517 61 . 405 649 90 386 1411 1263 . . . . 40 Influence Increases 14423 | 15 490 229 1124 . . 246 515 1114 655 1410 774 584 3 . 834 453 6 1394 1691 1249 230 295 . 398 714 Destroy 0b10 Robot/C 6780 | . 320 . 340 . . . 260 560 380 680 480 380 . . 20 180 . 520 760 680 200 280 . 320 420 Destroy 0b10 Robot/NC 605 | 15 20 . 100 . . 30 45 10 65 5 45 60 . . . . . 55 15 70 . 5 . . 65 Destroy Leader 1162 | . 56 . 120 . . . 68 30 112 20 148 124 . . . 40 . 124 50 146 30 10 . 30 54 Allied During Kill 1366 | . . . 28 . . . . 9 46 9 17 . . . 20 220 . 639 64 243 . . . 48 23 Successful Hack 270 | . 17 . 40 . . . 23 37 4 7 . 7 . . 14 13 . 24 30 35 . . . . 19 Select Force Hacks 90 | . 60 . 30 . . . . . . . . . . . . . . . . . . . . . . Disable Machine 420 | . 15 . 15 . . . 60 45 30 15 75 . . . 15 . . 30 30 60 . . . . 30 Anti-Garrison Action 2350 | . . . . . . . . 400 . 600 . . . . 750 . . . 600 . . . . . . Destroy Structure 289 | . 2 1 10 . . 4 14 23 18 29 9 13 3 . 15 . 6 2 67 15 . . . . 58 Partial Spotted 15 | . . . . . . . . . . . . . . . . . . . . . . . . . 15 Lose Combat Pursuer 210 | . . . 15 . . . 45 . . 45 . . . . . . . . 75 . . . . . 30 Miscellaneous 866 | . . 228 426 . . 212 . . . . . . . . . . . . . . . . . . . Influence Decreases 14201 | 10 495 137 534 679 3 50 492 107 1131 553 1262 1185 521 . . 657 636 767 249 1558 1186 710 389 356 534 Entered New Map 6532 | . 2 . 57 417 3 . 120 77 629 263 824 611 337 . . 397 410 . 189 984 652 154 389 . 17 Time Decay 5643 | 10 463 137 417 262 . 50 362 . 302 . 238 434 184 . . 160 206 347 . 474 514 556 . 286 241 Lost Part 646 | . 30 . . . . . 10 30 10 190 10 140 . . . . . . . . 20 . . 10 196 Lost Ally 930 | . . . 60 . . . . . 40 100 40 . . . . 100 20 270 60 100 . . . 60 80 Purge Threat 450 | . . . . . . . . . 150 . 150 . . . . . . 150 . . . . . . . Squads Dispatched 62 | . 3 . 2 1 . . 2 . 4 . 8 5 . . . 6 . 7 . 18 . 1 . . 5 Investigation 12 | . 3 . 1 . . . . . 1 . 1 1 . . . . . 1 . 2 . 1 . . 1 Extermination 7 | . . . . . . . . . . . . 2 . . . 1 . 2 . 1 . . . . 1 Reinforcement 22 | . . . . . . . 2 . 1 . 5 2 . . . 2 . 4 . 3 . . . . 3 Assault 19 | . . . 1 1 . . . . 1 . 2 . . . . 2 . . . 12 . . . . . Garrison 2 | . . . . . . . . . 1 . . . . . . 1 . . . . . . . . . Intercept . | . . . . . . . . . . . . . . . . . . . . . . . . . . Searches Triggered . | . . . . . . . . . . . . . . . . . . . . . . . . . . Construction Impeded 2 | . . . . . . . . . . . . 1 . . . . . 1 . . . . . . . Haulers Reinforced 1 | . . . . . . . . . . . . . . . . . . 1 . . . . . . . Active Scanning Responses . | . . . . . . . . . . . . . . . . . . . . . . . . . . Cargo Convoy Interrupts 2 | . . . . . . . . . . . . . . . . . . . . 1 . . . . 1 Stealth | -11 -10 -10 -9 -9 -9 -8 -8 -8 -8 -8 -8 -7 -7 -7 -7 -6 -6 -6 -6 -6 -6 -6 -6 -5 -5 --------- Run | Yrd Mat Min Mat Min Exi Min Mat Gar Mat Gar Mat Fac Was Fac Gar Fac Was Fac Gar Fac Low Low Zio Pro Fac Distress Signals 12 | . 1 1 3 . . . 2 . 1 . 1 . . . . . . . . . . . . . 3 Communications Jammed 56 | . . . . . . . . . . . . . . . . . . . . 5 . . . 1 50 Distress Signals 53 | . . . . . . . . . . . . . . . . . . . . 2 . . . 1 50 Times Spotted 473 | . 32 4 27 . 17 . 20 29 29 41 34 36 1 . 1 9 5 19 42 32 12 18 . 14 51 Peak Tracking Total 12 | . 5 1 4 . 12 . 5 8 5 4 5 8 1 . . 4 1 4 6 3 3 3 . 5 12 Tactical Retreats 16 | . . 1 1 . 6 . 1 . . 1 . 1 . . . . . . 3 . . . . . 2 Traps | -11 -10 -10 -9 -9 -9 -8 -8 -8 -8 -8 -8 -7 -7 -7 -7 -6 -6 -6 -6 -6 -6 -6 -6 -5 -5 ------- Run | Yrd Mat Min Mat Min Exi Min Mat Gar Mat Gar Mat Fac Was Fac Gar Fac Was Fac Gar Fac Low Low Zio Pro Fac Traps Triggered 41 | . 1 . . . . . 2 5 1 6 1 3 . . 1 3 . 1 9 5 . . . . 3 Indirectly . | . . . . . . . . . . . . . . . . . . . . . . . . . . Trap Hack Attempts . | . . . . . . . . . . . . . . . . . . . . . . . . . . Triggered . | . . . . . . . . . . . . . . . . . . . . . . . . . . Disarmed . | . . . . . . . . . . . . . . . . . . . . . . . . . . Reprogrammed . | . . . . . . . . . . . . . . . . . . . . . . . . . . Reused . | . . . . . . . . . . . . . . . . . . . . . . . . . . Traps Extracted . | . . . . . . . . . . . . . . . . . . . . . . . . . . Installed . | . . . . . . . . . . . . . . . . . . . . . . . . . . Triggered . | . . . . . . . . . . . . . . . . . . . . . . . . . . Machines | -11 -10 -10 -9 -9 -9 -8 -8 -8 -8 -8 -8 -7 -7 -7 -7 -6 -6 -6 -6 -6 -6 -6 -6 -5 -5 ---------- Run | Yrd Mat Min Mat Min Exi Min Mat Gar Mat Gar Mat Fac Was Fac Gar Fac Was Fac Gar Fac Low Low Zio Pro Fac Machines Disabled 71 | . 1 . 1 . 15 . 4 8 2 8 5 . . . 6 . . 2 11 4 . 2 . . 2 Max in Single Turn 3 | . 1 . 1 . 3 . 1 1 1 1 1 . . . 1 . . . 2 1 . 1 . . 1 Garrison Access 4 | . . . . . . . . . . . 1 . . . . 1 . . . 2 . . . . . Garrison Relay 20 | . . . . . . . . 5 . 5 . . . . 5 . . . 5 . . . . . . Phase Generator 3 | . . . . . . . . . . 1 . . . . 1 . . . 1 . . . . . . Machines Repaired . | . . . . . . . . . . . . . . . . . . . . . . . . . . Machines Dismantled . | . . . . . . . . . . . . . . . . . . . . . . . . . . Machines Sabotaged . | . . . . . . . . . . . . . . . . . . . . . . . . . . Overloaded Fab Kills . | . . . . . . . . . . . . . . . . . . . . . . . . . . Hacking | -11 -10 -10 -9 -9 -9 -8 -8 -8 -8 -8 -8 -7 -7 -7 -7 -6 -6 -6 -6 -6 -6 -6 -6 -5 -5 --------- Run | Yrd Mat Min Mat Min Exi Min Mat Gar Mat Gar Mat Fac Was Fac Gar Fac Was Fac Gar Fac Low Low Zio Pro Fac Machines Accessed 74 | . 11 . 10 . 3 . 6 4 4 2 5 6 . 1 4 1 . 3 4 5 . 1 . . 4 Terminals 52 | . 8 . 8 . . . 4 4 2 2 4 3 . . 4 1 . 2 4 3 . 1 . . 2 Fabricators 1 | . . . . . . . . . . . . 1 . . . . . . . . . . . . . Repair Stations 2 | . 1 . . . . . . . . . . . . . . . . . . . . . . . 1 Recycling Units 5 | . 2 . 1 . . . . . . . . 1 . . . . . . . . . . . . 1 Scanalyzers 5 | . . . 1 . . . 1 . 1 . 1 1 . . . . . . . . . . . . . Garrison Access 6 | . . . . . . . 1 . 1 . . . . 1 . . . 1 . 2 . . . . . Total Hacks 199 | . 26 . 27 . 11 . 20 8 9 4 13 12 . 2 9 4 . 14 14 15 . 4 . . 7 Successful 94 | . 15 . 15 . 11 . 10 4 3 1 4 5 . 1 2 2 . 7 3 5 . 4 . . 2 Failed 103 | . 11 . 12 . . . 10 4 6 3 8 6 . 1 7 2 . 7 11 10 . . . . 5 Catastrophic 17 | . 1 . 1 . . . . 1 2 . 1 4 . 1 2 . . 1 1 2 . . . . . Database Lockouts 2 | . . . . . . . . . . . 1 1 . . . . . . . . . . . . . Manual 87 | . 15 . 14 . 1 . 10 2 6 . 9 2 . 1 1 4 . 7 3 8 . . . . 4 Terminals 141 | . 21 . 22 . . . 12 8 3 4 11 5 . . 9 4 . 11 14 8 . 4 . . 5 Fabricators 2 | . . . . . . . . . . . . 2 . . . . . . . . . . . . . Repair Stations 3 | . 2 . . . . . . . . . . . . . . . . . . . . . . . 1 Recycling Units 7 | . 3 . 2 . . . . . . . . 1 . . . . . . . . . . . . 1 Scanalyzers 14 | . . . 3 . . . 4 . 1 . 2 4 . . . . . . . . . . . . . Garrison Access 21 | . . . . . . . 4 . 5 . . . . 2 . . . 3 . 7 . . . . . Terminal Hacks 43 | . 6 . 5 . 11 . . 3 1 1 2 . . . 1 1 . 5 2 1 . 4 . . . Record 14 | . . . . . 10 . . . . . . . . . . . . . . . . 4 . . . Part Schematic 3 | . 1 . 2 . . . . . . . . . . . . . . . . . . . . . . Prototype ID Bank 4 | . 1 . 2 . . . . . . . . . . . . . . 1 . . . . . . . Open Door 2 | . . . . . . . . 1 . 1 . . . . . . . . . . . . . . . Branch Access Points 2 | . . . . . . . . . . . . . . . . 1 . 1 . . . . . . . Emergency Access Points 1 | . . . . . . . . . . . . . . . . . . . 1 . . . . . . Terminal Index 2 | . 1 . . . . . . . . . . . . . . . . . . 1 . . . . . Unreport Threat 3 | . . . . . . . . . 1 . 1 . . . . . . 1 . . . . . . . Locate Traps 6 | . 3 . 1 . . . . . . . . . . . . . . 2 . . . . . . . Hauler Manifests 1 | . . . . . . . . . . . 1 . . . . . . . . . . . . . . Garrison Registry 1 | . . . . . . . . . . . . . . . 1 . . . . . . . . . . Patrol Navigation 1 | . . . . . . . . 1 . . . . . . . . . . . . . . . . . Security Stations 2 | . . . . . . . . 1 . . . . . . . . . . 1 . . . . . . Proto ID Catalog 1 | . . . . . 1 . . . . . . . . . . . . . . . . . . . . Fabricator Hacks 1 | . . . . . . . . . . . . 1 . . . . . . . . . . . . . Network Status 1 | . . . . . . . . . . . . 1 . . . . . . . . . . . . . Repair Station Hacks 3 | . 2 . . . . . . . . . . . . . . . . . . . . . . . 1 Scan Component 1 | . 1 . . . . . . . . . . . . . . . . . . . . . . . . Repair 1 | . 1 . . . . . . . . . . . . . . . . . . . . . . . . Refit 1 | . . . . . . . . . . . . . . . . . . . . . . . . . 1 Recycling Unit Hacks . | . . . . . . . . . . . . . . . . . . . . . . . . . . Scanalyzer 11 | . . . 2 . . . 4 . 1 . 1 3 . . . . . . . . . . . . . Retrieve Study 11 | . . . 2 . . . 4 . 1 . 1 3 . . . . . . . . . . . . . Garrison Access Hacks 5 | . . . . . . . 1 . 1 . . . . 1 . . . 1 . 1 . . . . . Unlock Access 5 | . . . . . . . 1 . 1 . . . . 1 . . . 1 . 1 . . . . . Unauthorized Hacks 31 | . 7 . 8 . . . 5 1 . . 1 1 . . 1 1 . 1 1 3 . . . . 1 Terminals 26 | . 5 . 7 . . . 5 1 . . 1 . . . 1 1 . 1 1 2 . . . . 1 Assimilate 1 | . . . 1 . . . . . . . . . . . . . . . . . . . . . . Botnet 9 | . . . . . . . 3 . . . 1 . . . . 1 . 1 . 2 . . . . 1 Operators 2 | . . . 1 . . . 1 . . . . . . . . . . . . . . . . . . Skim 11 | . 5 . 5 . . . 1 . . . . . . . . . . . . . . . . . . Override 3 | . . . . . . . . 1 . . . . . . 1 . . . 1 . . . . . . Fabricators 1 | . . . . . . . . . . . . 1 . . . . . . . . . . . . . Haulers 1 | . . . . . . . . . . . . 1 . . . . . . . . . . . . . Repair Stations . | . . . . . . . . . . . . . . . . . . . . . . . . . . Recycling Units 3 | . 2 . 1 . . . . . . . . . . . . . . . . . . . . . . Tunnel 3 | . 2 . 1 . . . . . . . . . . . . . . . . . . . . . . Scanalyzers . | . . . . . . . . . . . . . . . . . . . . . . . . . . Garrison Access 1 | . . . . . . . . . . . . . . . . . . . . 1 . . . . . Reprogram 1 | . . . . . . . . . . . . . . . . . . . . 1 . . . . . Data Cores Recovered 4 | . . . 3 . . . . . . . . 1 . . . . . . . . . . . . . Used . | . . . . . . . . . . . . . . . . . . . . . . . . . . Hacking Detections 64 | . 9 . 8 . . . 6 3 4 1 5 5 . 1 4 1 . 3 4 5 . 1 . . 4 Full Trace Events 10 | . . . 1 . . . . 2 . 1 . . . . 1 . . . 3 1 . 1 . . . Feedback Events . | . . . . . . . . . . . . . . . . . . . . . . . . . . Feedback Blocked . | . . . . . . . . . . . . . . . . . . . . . . . . . . Robot Schematics Acquired . | . . . . . . . . . . . . . . . . . . . . . . . . . . Robots Built . | . . . . . . . . . . . . . . . . . . . . . . . . . . Authchips . | . . . . . . . . . . . . . . . . . . . . . . . . . . Time . | . . . . . . . . . . . . . . . . . . . . . . . . . . Total Robot Build Rating . | . . . . . . . . . . . . . . . . . . . . . . . . . . Part Schematics Acquired 3 | . 1 . 2 . . . . . . . . . . . . . . . . . . . . . . Parts Built . | . . . . . . . . . . . . . . . . . . . . . . . . . . Authchips . | . . . . . . . . . . . . . . . . . . . . . . . . . . Time . | . . . . . . . . . . . . . . . . . . . . . . . . . . Total Part Build Rating . | . . . . . . . . . . . . . . . . . . . . . . . . . . Part Studies Acquired 10 | . . . 2 . . . 4 . 1 . . 3 . . . . . . . . . . . . . Parts Repaired 1 | . 1 . . . . . . . . . . . . . . . . . . . . . . . . Time 26 | . 26 . . . . . . . . . . . . . . . . . . . . . . . . Parts Recycled . | . . . . . . . . . . . . . . . . . . . . . . . . . . Recycled Matter . | . . . . . . . . . . . . . . . . . . . . . . . . . . Retrieved Matter . | . . . . . . . . . . . . . . . . . . . . . . . . . . Retrieved Components . | . . . . . . . . . . . . . . . . . . . . . . . . . . Parts Scanalyzed . | . . . . . . . . . . . . . . . . . . . . . . . . . . Part Schematics Acquired . | . . . . . . . . . . . . . . . . . . . . . . . . . . Parts Damaged . | . . . . . . . . . . . . . . . . . . . . . . . . . . Bothacking | -11 -10 -10 -9 -9 -9 -8 -8 -8 -8 -8 -8 -7 -7 -7 -7 -6 -6 -6 -6 -6 -6 -6 -6 -5 -5 ------------ Run | Yrd Mat Min Mat Min Exi Min Mat Gar Mat Gar Mat Fac Was Fac Gar Fac Was Fac Gar Fac Low Low Zio Pro Fac Used RIF Installer . | . . . . . . . . . . . . . . . . . . . . . . . . . . Robots Hacked 5 | . . . . . 4 . . . . . . 1 . . . . . . . . . . . . . Non-combat 4 | . . . . . 3 . . . . . . 1 . . . . . . . . . . . . . Combat 1 | . . . . . 1 . . . . . . . . . . . . . . . . . . . . Robot Hacks Applied 5 | . . . . . 4 . . . . . . 1 . . . . . . . . . . . . . parse_system 4 | . . . . . 4 . . . . . . . . . . . . . . . . . . . . find_chute 1 | . . . . . . . . . . . . 1 . . . . . . . . . . . . . Relay Couplers Released 92 | . . . . . . . . 23 . 21 1 . . . 21 2 . . 23 1 . . . . . Machine Destruction 86 | . . . . . . . . 20 . 18 1 . . . 21 2 . . 23 1 . . . . . Programmers 6 | . . . . . . . . 3 . 3 . . . . . . . . . . . . . . . Fabnet Peak Effective % . | . . . . . . . . . . . . . . . . . . . . . . . . . . Robots Rewired 24 | . . . . . . . . 2 . 8 . . . . 13 . . . 1 . . . . . . Allies Hacked 4 | . . . . . . . . . . . . . . . . . . 4 . . . . . . . Hacks Repelled . | . . . . . . . . . . . . . . . . . . . . . . . . . . Allies | -11 -10 -10 -9 -9 -9 -8 -8 -8 -8 -8 -8 -7 -7 -7 -7 -6 -6 -6 -6 -6 -6 -6 -6 -5 -5 -------- Run | Yrd Mat Min Mat Min Exi Min Mat Gar Mat Gar Mat Fac Was Fac Gar Fac Was Fac Gar Fac Low Low Zio Pro Fac Total Allies 91 | . . . 4 4 . . . 2 . 8 2 . 20 . 15 . 18 4 1 6 . . 3 . 4 Largest Group 34 | . . . 4 4 4 . . 2 2 4 2 . 19 19 34 31 27 27 3 5 . . 3 3 3 Highest-Rated Group 920 | . . . 100 71 71 . . 59 59 89 39 . 471 471 920 876 902 896 124 209 . . 84 84 162 Highest-Rated Ally 85 | . . . 25 31 31 . . 39 39 39 39 . 31 31 80 80 80 80 85 85 . . 33 33 54 Initial Warlord ECA Mod 37 | . . . . . . . . . 7 7 17 16 16 16 16 25 25 25 25 37 37 37 37 36 36 Total Orders 11 | . . . . . 5 . . . . . . . . . 1 . . . 5 . . . . . . STAY 7 | . . . . . 4 . . . . . . . . . . . . . 3 . . . . . . FOLLOW 3 | . . . . . 1 . . . . . . . . . . . . . 2 . . . . . . AID 1 | . . . . . . . . . . . . . . . 1 . . . . . . . . . . Ally Attacks 622 | . . . 39 . 3 . . 8 17 15 15 . 6 . 2 61 158 171 26 73 . . . 14 14 Total Damage 13397 | . . . 669 . 17 . . 92 325 214 244 . 105 . 69 1046 3136 3364 582 2492 . . . 252 790 Kills 96 | . . . 12 . . . . . 2 1 4 . . . 2 9 6 22 7 17 . . . 5 9 Allies Corrupted 3 | . . . . . . . . . . . . . . . . . . 2 1 . . . . . . Allies Melted 3 | . . . . . . . . . 1 . . . . . . . . 2 . . . . . . . X0-1V1 Amusement Gains 371 | . 17 20 15 . 70 . 20 . . 60 12 48 . . . . . . . . . 20 . . 89 Good Acts 139 | . . 3 12 1 . 2 5 11 3 10 6 4 5 1 17 2 5 4 17 4 3 2 . 6 16 Bad Acts 64 | . . 2 9 3 . 4 2 3 1 8 6 4 1 . 1 . . . . 8 3 4 . 2 3 Intel | -11 -10 -10 -9 -9 -9 -8 -8 -8 -8 -8 -8 -7 -7 -7 -7 -6 -6 -6 -6 -6 -6 -6 -6 -5 -5 ------- Run | Yrd Mat Min Mat Min Exi Min Mat Gar Mat Gar Mat Fac Was Fac Gar Fac Was Fac Gar Fac Low Low Zio Pro Fac Active Infowar (turns) 8778 | 4 1139 . 163 . . . 1 . . . . . . . . . 55 . 95 1355 1405 1626 1065 915 955 Optics 182 | . 18 . 163 . . . . . . . . . . . . . . . . 1 . . . . . Seismic 1125 | 4 1121 . . . . . . . . . . . . . . . . . . . . . . . . Jamming 7471 | . . . . . . . . . . . . . . . . . 55 . 95 1355 1405 1626 1065 915 955 ECM 1 | . . . . . . . 1 . . . . . . . . . . . . . . . . . . Robot Analysis Total . | . . . . . . . . . . . . . . . . . . . . . . . . . . Derelict Logs Recovered 6 | . . 1 . 2 . . . . . . . . . . . . . . . . 2 . . 1 . Drone Launches . | . . . . . . . . . . . . . . . . . . . . . . . . . . Drone Recoveries . | . . . . . . . . . . . . . . . . . . . . . . . . . . Exploration | -11 -10 -10 -9 -9 -9 -8 -8 -8 -8 -8 -8 -7 -7 -7 -7 -6 -6 -6 -6 -6 -6 -6 -6 -5 -5 ------------- Run | Yrd Mat Min Mat Min Exi Min Mat Gar Mat Gar Mat Fac Was Fac Gar Fac Was Fac Gar Fac Low Low Zio Pro Fac Turns Passed 26302 | 69 2085 943 1630 577 1716 660 827 1168 674 2165 500 1079 578 79 1100 321 522 877 1307 1355 1405 1626 1065 915 1059 Spaces Moved 14878 | 59 774 337 893 514 1138 530 479 588 402 859 255 576 402 37 695 277 363 686 803 924 595 581 884 434 793 Core 96 | 58 31 . 1 . . . . . . . . . . . . . . . . . . . . . 6 Treads 3118 | 1 743 337 147 . . . . 25 . 504 18 . . . . . . . . . 460 581 . 249 53 Legs . | . . . . . . . . . . . . . . . . . . . . . . . . . . Wheels 11457 | . . . 745 514 1138 530 479 563 402 355 237 576 402 37 695 277 363 686 803 924 135 . 884 185 527 Hover . | . . . . . . . . . . . . . . . . . . . . . . . . . . Flight 207 | . . . . . . . . . . . . . . . . . . . . . . . . . 207 Fastest Speed 27 | 50 50 240 110 110 95 110 115 115 125 110 110 110 110 110 110 110 110 110 110 120 125 250 98 113 27 Average Speed 141 | 51 225 240 145 110 111 114 129 127 125 192 119 122 110 110 110 110 110 110 115 121 221 250 111 191 104 Slowest Speed 330 | 160 240 240 250 110 125 125 150 320 125 240 240 140 110 110 110 110 110 110 120 125 250 250 113 250 330 Overloaded Moves . | . . . . . . . . . . . . . . . . . . . . . . . . . . Propulsion Burnouts . | . . . . . . . . . . . . . . . . . . . . . . . . . . Robots Hopped 8 | . . . . . . . . . . . . . . . . . . . . . . . . . 8 Potential Cave-ins . | . . . . . . . . . . . . . . . . . . . . . . . . . . Cave-ins Triggered . | . . . . . . . . . . . . . . . . . . . . . . . . . . Exploration Rate (%) 62 | 4 99 75 71 99 90 94 49 81 47 93 47 20 95 2 89 12 95 23 93 29 78 49 85 68 26 Regions Visited 25 Branch Regions 8 Pre-discovered Areas 11 | . 2 . 4 1 1 . . . . . . . . . . . . . . . 2 . 1 . . Known Exits Taken 11 | . 1 . 1 . 1 1 1 . 1 . 1 . . 1 . . . 1 . 1 . . . 1 . Unknown Exits Taken 6 | 1 . 1 . 1 . . . . . . . . . . . . . . . . 1 1 1 . . Scrap Searched 10 | . . 1 . 1 . 2 . . . . . . . . . . . . . . 1 2 2 1 . Spaces Dug 8 | . . 1 . . . . . . . . . 1 . . . . . . . 5 . 1 . . . Terrain Destroyed 297 | . . 1 3 . 63 5 10 18 12 31 5 14 3 . . . . 2 78 6 4 18 . 3 21 Melee 5 | . . . . . . . . . . . . . . . . . . . . 5 . . . . . Projectile 136 | . . 1 3 . 21 5 10 . 11 11 5 14 3 . . . . 2 3 1 4 18 . 3 21 AOE 154 | . . . . . 41 . . 18 . 20 . . . . . . . . 75 . . . . . . Terrain Rammed . | . . . . . . . . . . . . . . . . . . . . . . . . . . Walls Destroyed . | . . . . . . . . . . . . . . . . . . . . . . . . . . Machines Disabled . | . . . . . . . . . . . . . . . . . . . . . . . . . . Actions | -11 -10 -10 -9 -9 -9 -8 -8 -8 -8 -8 -8 -7 -7 -7 -7 -6 -6 -6 -6 -6 -6 -6 -6 -5 -5 --------- Run | Yrd Mat Min Mat Min Exi Min Mat Gar Mat Gar Mat Fac Was Fac Gar Fac Was Fac Gar Fac Low Low Zio Pro Fac Total 18250 | 80 996 463 1161 527 1424 568 595 841 469 1151 347 775 513 75 1006 290 461 741 1052 1050 634 676 962 478 915 Wait 910 | . 51 119 156 9 63 25 20 37 4 26 4 19 79 39 36 5 55 19 27 2 9 33 49 15 9 Move 14843 | 58 773 336 892 513 1137 529 479 587 402 858 254 576 401 36 694 277 362 686 802 923 594 580 883 433 778 Hop 7 | . . . . . . . . . . . . . . . . . . . . . . . . . 7 Pick Up 299 | 4 45 1 29 1 29 3 17 12 3 23 9 27 1 . 20 3 7 3 11 20 2 6 4 4 15 Fast Attach 93 | 4 3 . 3 . 3 . 9 6 2 6 3 12 5 . 2 . . 1 7 3 1 5 5 . 13 Attach 102 | . 5 . 6 1 16 2 6 6 1 14 3 12 1 . 3 2 . . 4 4 2 3 . 1 10 Detach 4 | . . . . . 2 . . . . . 1 . . . . . . . . . . 1 . . . Swap 246 | . 18 2 11 1 14 2 12 10 7 19 12 24 12 . 8 . 17 4 13 19 4 7 11 6 13 Drop 286 | . 25 1 28 2 24 1 14 16 5 9 16 26 6 . 22 1 9 4 16 22 2 8 10 3 16 Fire 874 | 14 75 4 36 . 132 6 38 61 45 103 45 71 7 . 6 1 2 24 53 40 20 33 . 16 42 Melee 94 | . . . . . 4 . . 35 . 4 . . 1 . 16 1 9 . 15 9 . . . . . Ram . | . . . . . . . . . . . . . . . . . . . . . . . . . . Kick . | . . . . . . . . . . . . . . . . . . . . . . . . . . Crush 1 | . 1 . . . . . . . . . . . . . . . . . . . . . . . . Escape Stasis 172 | . . . . . . . . 40 . 32 . 8 . . . . . . 72 8 . . . . 12 Rewire 319 | . . . . . . . . 31 . 57 . . . . 199 . . . 32 . . . . . . Trap . | . . . . . . . . . . . . . . . . . . . . . . . . . . Miscellaneous . | . . . . . . . . . . . . . . . . . . . . . . . . . . Route ------- -11/Scrapyard -10/Materials (discovered 6 exits: *Mat x3 / *Min x2 / [*Sub]) -10/Mines -9/Materials (discovered 4 exits: *Mat x3 / *Min) -9/Mines (discovered 3 exits: *Mat x2 / *Exi) -9/Exiles (discovered 2 exits: *Min x2) -8/Mines -8/Materials (discovered 2 exits: Fac / Gar) -8/Garrison (discovered 3 exits: *Mat x3) -8/Materials (discovered 3 exits: *Fac x2 / Gar) -8/Garrison (discovered 3 exits: *Mat x3) -8/Materials -7/Factory (discovered 3 exits: Sto / [*Low x2]) -7/Waste -7/Factory (discovered 2 exits: *Fac / Gar) -7/Garrison (discovered 3 exits: *Fac x3) -6/Factory (discovered 2 exits: *Low x2) -6/Waste -6/Factory (discovered 6 exits: *Fac x3 / *Low x2 / Gar) -6/Garrison (discovered 3 exits: *Fac x3) -6/Factory (discovered 2 exits: *Fac / *Low) -6/Lower Caves -6/Lower Caves -6/Zion -5/Proximity Caves -5/Factory (discovered 5 exits: Fac x3 / *Upp x2) History --------- Turn | Location | Event 10 | -11/Scrapyard | Discovered new exit (range 16) 70 | -11/Scrapyard | Entered Materials 158 | -10/Materials | Discovered new exit (range 5) 315 | -10/Materials | Build established: Mutant 698 | -10/Materials | Discovered new exit (range 15) 1183 | -10/Materials | Discovered new exit (range 16) 1320 | -10/Materials | Identified exit to Mines 1352 | -10/Materials | Learned Storage stockpile data 1376 | -10/Materials | Loaded intel: 8 terminal locations 1392 | -10/Materials | Learned 2 Mines zone layouts 1406 | -10/Materials | Learned 8 Materials zone layouts 1428 | -10/Materials | Learned 4 Subcaves zone layouts 1721 | -10/Materials | Discovered new exit (range 16) 1804 | -10/Materials | Discovered new exit (range 7) 1921 | -10/Materials | Repaired Lgt. Treads 2028 | -10/Materials | Prayed at D.C.S.S. Altar Unit 2155 | -10/Materials | Entered Mines 2156 | -10/Mines | Assembled infested the area 2161 | -10/Mines | Assisted by a Guerilla fighting off Assembled 2198 | -10/Mines | Core integrity permanently improved by X0-1V1 (+200) 2725 | -10/Mines | X0-1V1 added 0b10 threat records associated with you (considerable) 2972 | -10/Mines | Discovered new exit (range 9) 3098 | -10/Mines | Entered Materials 3098 | -9/Materials | Evolved 2 slots: Weapon x2 3099 | -9/Materials | Identified exit to Mines 3100 | -9/Materials | Identified exit to Materials 3320 | -9/Materials | Mass support permanently improved by X0-1V1 (+12; -260 max core) 3406 | -9/Materials | Build established: Gunner 3498 | -9/Materials | X0-1V1 mutated your Propulsion slot to Weapon slot 3525 | -9/Materials | X0-1V1 announced a LAN party 3560 | -9/Materials | X0-1V1 added 0b10 threat records associated with you (considerable) 3607 | -9/Materials | X0-1V1 mutated your Weapon slot to Utility slot 3614 | -9/Materials | X0-1V1 sent you to a vault 3833 | -9/Materials | X0-1V1 activates XOMVISION 3985 | -9/Materials | X0-1V1 foreshadows a heat wave 4136 | -9/Materials | X0-1V1 revealed exit location to -8/Materials 4137 | -9/Materials | Learned location of Recycling (-7) 4178 | -9/Materials | Ambient heat levels rising (+10) 4197 | -9/Materials | Learned Storage emergency access door positions 4299 | -9/Materials | Ambient heat levels rising (+10) 4312 | -9/Materials | Learned location of Zion (-6) 4328 | -9/Materials | Loaded intel: 2 recycling unit locations 4332 | -9/Materials | Learned 4 Recycling zone layouts 4375 | -9/Materials | Learned 4 Recycling zone layouts 4456 | -9/Materials | Learned Storage emergency access door positions 4480 | -9/Materials | X0-1V1 revealed exit location to -8/Materials 4483 | -9/Materials | Ambient heat levels falling (-10) 4606 | -9/Materials | Ambient heat levels falling (-10) 4613 | -9/Materials | X0-1V1 added 0b10 threat records associated with you (considerable) 4698 | -9/Materials | First assault squad dispatched 4722 | -9/Materials | X0-1V1 sent hostile S-10 Pest (x4) 4728 | -9/Materials | Entered Mines 4798 | -9/Mines | Discovered exit to Materials (range 14) 4854 | -9/Mines | A weapon hastily lodged in a ceiling crevice suddenly fell to the ground 4955 | -9/Mines | X0-1V1 revealed exit location to -8/Materials 5021 | -9/Mines | X0-1V1 vaporized surrounding terrain (radius 20) 5145 | -9/Mines | System corruption reached 10% 5145 | -9/Mines | Learned Materials terminal intel 5156 | -9/Mines | Assisted by bots powering up and referring to "LRC-V3" 5215 | -9/Mines | Received a Mining Laser from a helpful Derelict 5294 | -9/Mines | Deemed a non-threat by the Exiles lab entrance 5294 | -9/Mines | Discovered new exit (range 5) 5305 | -9/Mines | Entered Exiles 5305 | -9/Exiles | Accompanied by 4 allies 5306 | -9/Exiles | Identified exit to Mines 5347 | -9/Exiles | Met 8R-AWN 5365 | -9/Exiles | Met EX-HEX 5434 | -9/Exiles | Met EX-DEC 5520 | -9/Exiles | Discovered exit to Mines (range 11) 5606 | -9/Exiles | Build established: Mutant 5635 | -9/Exiles | Met EX-BIN 5656 | -9/Exiles | Aligned with FarCom system 5657 | -9/Exiles | Given EX-Vault access code 5683 | -9/Exiles | Opened EX-Vault 5690 | -9/Exiles | Found Latent Energy Streamer 5712 | -9/Exiles | Warned to stay clear of 0b10 Research branches 6059 | -9/Exiles | Attacked by the Exiles 6096 | -9/Exiles | Lost 3 allies 6233 | -9/Exiles | Core integrity fell below 50% 6263 | -9/Exiles | Destroyed 8R-AWN 6272 | -9/Exiles | Found Exp. Targeting Computer 6273 | -9/Exiles | Found 8R-AWN's Boregun 6292 | -9/Exiles | Lost 12 parts (2p2n2u6w) 6464 | -9/Exiles | Destroyed EX-BIN 6474 | -9/Exiles | Destroyed EX-HEX 6542 | -9/Exiles | Destroyed EX-DEC 6605 | -9/Exiles | Found Exp. Core Analyzer 7021 | -9/Exiles | Entered Mines 7061 | -8/Mines | X0-1V1 vaporized surrounding terrain (radius 20) 7136 | -8/Mines | Build established: Gunner 7231 | -8/Mines | X0-1V1 mutated your Weapon slot to Propulsion slot 7596 | -8/Mines | Propulsion slot count permanently improved by X0-1V1 (+1) 7649 | -8/Mines | X0-1V1 added 0b10 threat records associated with you (considerable) 7659 | -8/Mines | X0-1V1 vaporized surrounding terrain (radius 20) 7661 | -8/Mines | Discovered exit to Materials (range 15) 7681 | -8/Mines | Entered Materials 7681 | -8/Materials | Evolved 2 slots: Utility x1, Weapon x1 7682 | -8/Materials | Loaded intel: 12 terminal locations 7772 | -8/Materials | Weapon slot count temporarily expanded by X0-1V1 (+3) 7805 | -8/Materials | System corruption reached 10% 8045 | -8/Materials | Identified exit to Factory 8045 | -8/Materials | X0-1V1 revealed exit location to -7/Factory 8107 | -8/Materials | X0-1V1 sent you to a vault 8126 | -8/Materials | Found Scrap Suit 8508 | -8/Materials | Identified exit to Garrison 8508 | -8/Materials | Entered Garrison 8562 | -8/Garrison | Garrison Relay disabled 8564 | -8/Garrison | Triggered checkpoint 8623 | -8/Garrison | Triggered checkpoint 8705 | -8/Garrison | Triggered checkpoint 8713 | -8/Garrison | Build established: Scavenger-Gunner 8811 | -8/Garrison | Destroyed 7 combat bots 8846 | -8/Garrison | Triggered checkpoint 8874 | -8/Garrison | Garrison Relay disabled 8885 | -8/Garrison | Garrison Relay disabled 8908 | -8/Garrison | Identified exit to Materials 8908 | -8/Garrison | X0-1V1 revealed exit location to -8/Materials 8932 | -8/Garrison | Discovered exit to Materials (range 8) 9058 | -8/Garrison | Learned Materials security intel 9062 | -8/Garrison | Discovered exit to Materials (range 12) 9194 | -8/Garrison | Triggered checkpoint 9278 | -8/Garrison | Core integrity restored by X0-1V1 (+107) 9303 | -8/Garrison | Garrison Relay disabled 9521 | -8/Garrison | Triggered checkpoint 9528 | -8/Garrison | Triggered checkpoint 9635 | -8/Garrison | Garrison Relay disabled 9676 | -8/Garrison | Entered Materials 9676 | -8/Materials | Accompanied by 2 allies 10076 | -8/Materials | First assault squad dispatched 10084 | -8/Materials | X0-1V1 revealed exit location to -7/Factory 10203 | -8/Materials | Build established: Gunner 10292 | -8/Materials | Garrison activated, responded to threat 10332 | -8/Materials | X0-1V1 revealed exit location to -7/Factory 10341 | -8/Materials | Identified exit to Garrison 10350 | -8/Materials | Entered Garrison 10393 | -8/Garrison | Triggered checkpoint 10451 | -8/Garrison | Garrison Relay disabled 10510 | -8/Garrison | Lost 6 parts (1p1n2u2w) 10676 | -8/Garrison | Triggered checkpoint 10701 | -8/Garrison | Core integrity fell below 50% 10740 | -8/Garrison | Build established: Scavenger-Gunner 10751 | -8/Garrison | Lost 6 parts (1n1u4w) 10898 | -8/Garrison | X0-1V1 activates XOMVISION 11032 | -8/Garrison | X0-1V1 destroyed Phase Generator 11032 | -8/Garrison | Phase Generator disabled 11113 | -8/Garrison | X0-1V1 upgraded hostiles (x1) 11133 | -8/Garrison | Lost 4 allies 11150 | -8/Garrison | Discovered new exit (range 13) 11244 | -8/Garrison | Triggered checkpoint 11443 | -8/Garrison | Garrison Relay disabled 11532 | -8/Garrison | Triggered checkpoint 11721 | -8/Garrison | Garrison Relay disabled 11730 | -8/Garrison | Triggered checkpoint 11770 | -8/Garrison | Discovered new exit (range 12) 12089 | -8/Garrison | Core integrity restored by X0-1V1 (+98) 12145 | -8/Garrison | Discovered new exit (range 15) 12262 | -8/Garrison | Triggered checkpoint 12348 | -8/Garrison | Garrison Relay disabled 12369 | -8/Garrison | X0-1V1 activates XOMVISION 12386 | -8/Garrison | X0-1V1 vaporized surrounding terrain (radius 24) 12422 | -8/Garrison | Garrison Relay disabled 12515 | -8/Garrison | Entered Materials 12515 | -8/Materials | Accompanied by 1 ally 12632 | -8/Materials | X0-1V1 released a cloud of subatomizers 12642 | -8/Materials | Central database locked down 12652 | -8/Materials | X0-1V1 announced a LAN party 12724 | -8/Materials | X0-1V1 revealed exit location to -7/Factory 12743 | -8/Materials | X0-1V1 redirected Transport squads to designated parking area 12812 | -8/Materials | X0-1V1 turns hostiles against one another 12868 | -8/Materials | Destroyed 7 combat bots 13000 | -8/Materials | Sterilization system engaged 13000 | -8/Materials | Non-combat units ordered to evacuate 13015 | -8/Materials | Entered Factory 13015 | -7/Factory | Evolved 2 slots: Utility x1, Weapon x1 13016 | -7/Factory | Identified exit to Storage 13031 | -7/Factory | X0-1V1 mutated your Utility slot to Weapon slot 13335 | -7/Factory | Build established: Scavenger-Executioner 13535 | -7/Factory | Destroyed 8 combat bots 13574 | -7/Factory | Lost 13 parts (3n3u7w) 13596 | -7/Factory | Core integrity restored by X0-1V1 (+96) 13779 | -7/Factory | Discovered new exit (range 7) 13800 | -7/Factory | Core integrity restored by X0-1V1 (+96) 13808 | -7/Factory | Discovered new exit (range 15) 14029 | -7/Factory | Central database locked down 14094 | -7/Factory | Sucked down chute 14094 | -7/Factory | Entered Waste 14095 | -7/Waste | Joined by Warlord forces that had cleared the area 14194 | -7/Waste | A Compactor rumbled back to life 14194 | -7/Waste | Spotted C-40 Crusher 14195 | -7/Waste | Destroyed C-40 Crusher 14412 | -7/Waste | Discovered new exit (range 10) 14582 | -7/Waste | Build established: Derelict-Executioner 14660 | -7/Waste | X0-1V1 activates XOMVISION 14672 | -7/Waste | Entered Factory 14672 | -7/Factory | Accompanied by 19 allies 14687 | -7/Factory | Discovered new exit (range 15) 14704 | -7/Factory | Identified exit to Garrison 14751 | -7/Factory | Entered Garrison 14751 | -7/Garrison | Discovered recently destroyed garrison 14751 | -7/Garrison | Accompanied by 19 allies 14892 | -7/Garrison | Identified exit to Factory 14892 | -7/Garrison | Garrison Relay disabled 15012 | -7/Garrison | Discovered exit to Factory (range 38) 15012 | -7/Garrison | Discovered exit to Factory (range 72) 15012 | -7/Garrison | Discovered exit to Factory (range 25) 15026 | -7/Garrison | X0-1V1 activates XOMVISION 15043 | -7/Garrison | Garrison Relay disabled 15081 | -7/Garrison | X0-1V1 destroyed Phase Generator 15081 | -7/Garrison | Phase Generator disabled 15349 | -7/Garrison | Garrison Relay disabled 15405 | -7/Garrison | Garrison Relay disabled 15445 | -7/Garrison | Build established: Commander-Executioner 15445 | -7/Garrison | Garrison Relay disabled 15579 | -7/Garrison | Found embedded Infiltrators 15742 | -7/Garrison | X0-1V1 rewrote VO-HA8(s) IFF filter 15817 | -7/Garrison | X0-1V1 activates XOMVISION 15851 | -7/Garrison | Entered Factory 15851 | -6/Factory | Accompanied by 31 allies 15851 | -6/Factory | Evolved 2 slots: Utility x2 15868 | -6/Factory | Garrison activated, responded to threat 15921 | -6/Factory | Lost 12 allies 15950 | -6/Factory | Identified exit to Lower Caves 16103 | -6/Factory | X0-1V1 activates XOMVISION 16172 | -6/Factory | Sucked down chute 16172 | -6/Factory | Entered Waste 16195 | -6/Waste | Found Heavy Servo Lattice 16198 | -6/Waste | Warlord forces began an assault 16221 | -6/Waste | Spotted C-40 Crusher 16223 | -6/Waste | Allies destroyed C-40 Crusher 16277 | -6/Waste | 1 allies followed down the chute 16333 | -6/Waste | Spotted C-40 Crusher 16339 | -6/Waste | Allies destroyed C-40 Crusher 16351 | -6/Waste | Spotted C-40 Crusher 16356 | -6/Waste | Allies destroyed C-40 Crusher 16372 | -6/Waste | Spotted C-40 Crusher 16378 | -6/Waste | Allies destroyed C-40 Crusher 16386 | -6/Waste | X0-1V1 activates XOMVISION 16407 | -6/Waste | 11 allies followed down the chute 16441 | -6/Waste | Spotted C-40 Crusher 16443 | -6/Waste | Allies destroyed C-40 Crusher 16478 | -6/Waste | Build established: Scavenger-Executioner 16485 | -6/Waste | Spotted C-40 Crusher 16492 | -6/Waste | Destroyed C-40 Crusher 16530 | -6/Waste | Discovered new exit (range 14) 16618 | -6/Waste | X0-1V1 activates XOMVISION 16694 | -6/Waste | Entered Factory 16694 | -6/Factory | Accompanied by 27 allies 16851 | -6/Factory | Lost 4 allies 16901 | -6/Factory | Discovered new exit (range 19) 17079 | -6/Factory | Spotted B-75 Beast 17096 | -6/Factory | Destroyed B-75 Beast 17122 | -6/Factory | Lost 4 allies 17170 | -6/Factory | Discovered new exit (range 14) 17335 | -6/Factory | Lost 3 allies 17463 | -6/Factory | X0-1V1 sent you to a vault 17492 | -6/Factory | Identified exit to Garrison 17496 | -6/Factory | Identified exit to Factory 17496 | -6/Factory | X0-1V1 revealed exit location to -5/Factory 17571 | -6/Factory | Entered Garrison 17571 | -6/Garrison | Accompanied by 3 allies 17645 | -6/Garrison | Phase Generator disabled 17830 | -6/Garrison | Garrison Relay disabled 17991 | -6/Garrison | Destroyed 13 combat bots 17995 | -6/Garrison | Triggered checkpoint 18030 | -6/Garrison | Discovered new exit (range 14) 18051 | -6/Garrison | Learned Factory security intel 18098 | -6/Garrison | Garrison Relay disabled 18139 | -6/Garrison | X0-1V1 activates XOMVISION 18166 | -6/Garrison | Identified exit to Factory 18166 | -6/Garrison | X0-1V1 revealed exit location to -6/Factory 18193 | -6/Garrison | Weapon slot count temporarily expanded by X0-1V1 (+3) 18332 | -6/Garrison | Spotted B-75 Beast 18392 | -6/Garrison | Rewired B-75 Beast 18414 | -6/Garrison | Allies destroyed B-75 Beast 18441 | -6/Garrison | X0-1V1 activates XOMVISION 18537 | -6/Garrison | X0-1V1 revealed exit location to -6/Factory 18636 | -6/Garrison | Garrison Relay disabled 18779 | -6/Garrison | Forcibly received Sfc. Transmogifier from X0-1V1 18789 | -6/Garrison | Garrison Relay disabled 18842 | -6/Garrison | Garrison Relay disabled 18878 | -6/Garrison | Entered Factory 18878 | -6/Factory | Accompanied by 1 ally 19145 | -6/Factory | X0-1V1 sent you to a vault 19175 | -6/Factory | Spotted B-75 Beast 19183 | -6/Factory | Destroyed B-75 Beast 19227 | -6/Factory | Identified exit to Garrison 19269 | -6/Factory | X0-1V1 rewrote Slayer 5d IFF filter 19363 | -6/Factory | Discovered exit to Lower Caves (range 10) 19578 | -6/Factory | First assault squad dispatched 19671 | -6/Factory | X0-1V1 enhanced Transport squad support 19733 | -6/Factory | X0-1V1 mutated your Weapon slot to Utility slot 19741 | -6/Factory | Discovered exit to Factory (range 16) 19783 | -6/Factory | Cargo convoy interrupted 20037 | -6/Factory | Build established: Scavenger-Gunner 20089 | -6/Factory | High security lockdown imminent 20121 | -6/Factory | Lost 3 allies 20169 | -6/Factory | High security lockdown engaged 20233 | -6/Factory | Entered Lower Caves 20239 | -6/Lower Caves | Met a Warlord Commander 20240 | -6/Lower Caves | Learned location of Warlord (-4) 20241 | -6/Lower Caves | Warlord Commander delivered Encrypted Comm Array 20247 | -6/Lower Caves | Found Encrypted Comm Array 20406 | -6/Lower Caves | Encountered a Warlord checkpoint 20641 | -6/Lower Caves | System corruption reached 10% 20705 | -6/Lower Caves | Learned location of 2 exits from Factory 21620 | -6/Lower Caves | Discovered new exit (range 5) 21634 | -6/Lower Caves | Attracted the attention of an 0b10 checkpoint 21638 | -6/Lower Caves | Entered another Lower Caves area 21885 | -6/Lower Caves | Encountered a Warlord checkpoint 22666 | -6/Lower Caves | X0-1V1 sent you into danger 22712 | -6/Lower Caves | Attracted the attention of an 0b10 base 22749 | -6/Lower Caves | Learned 6 Proximity Caves zone layouts 22749 | -6/Lower Caves | Learned Research security intel 22749 | -6/Lower Caves | Learned Armory security intel 22749 | -6/Lower Caves | Learned Armory terminal intel 22926 | -6/Lower Caves | Discovered new exit (range 14) 23011 | -6/Lower Caves | Build established: Gunner 23264 | -6/Lower Caves | Entered Zion 23303 | -6/Zion | System corruption cleaned by Quarantine Array 23330 | -6/Zion | Found Prototype Device 23330 | -6/Zion | Identified Mobile Refinery Mk. CCLXVII 23448 | -6/Zion | Discovered new exit (range 15) 23627 | -6/Zion | Gained Derelict followers 23834 | -6/Zion | Met Imprinter 23895 | -6/Zion | Learned Factory emergency access door positions 24018 | -6/Zion | Found Prototype Device 24029 | -6/Zion | Identified Bomb Factory No. 2 24329 | -6/Zion | Entered Proximity Caves 24329 | -5/Proximity Caves | Accompanied by 3 allies 24353 | -5/Proximity Caves | X0-1V1 activates XOMVISION 24539 | -5/Proximity Caves | Attracted the attention of an 0b10 checkpoint 24875 | -5/Proximity Caves | Lost 3 allies 24973 | -5/Proximity Caves | Learned location of 1 exit from Factory 25173 | -5/Proximity Caves | Spotted B-75 Beast 25173 | -5/Proximity Caves | X0-1V1 sent you into danger 25190 | -5/Proximity Caves | Destroyed B-75 Beast 25244 | -5/Proximity Caves | Entered Factory 25244 | -5/Factory | Evolved 2 slots: Power x1, Weapon x1 25245 | -5/Factory | Identified exit to Upper Caves 25245 | -5/Factory | Identified exit to Factory 25691 | -5/Factory | Build established: Scavenger-Executioner 25928 | -5/Factory | Discovered exit to Upper Caves (range 12) 25990 | -5/Factory | X0-1V1 revealed exit location to -4/Factory 26041 | -5/Factory | System corruption reached 10% 26184 | -5/Factory | Cargo convoy interrupted 26216 | -5/Factory | Released all parts (7) 26218 | -5/Factory | Core integrity fell below 50% 26222 | -5/Factory | Core integrity fell below 20% 26223 | -5/Factory | Found PL-3XN's Ring of Power 26235 | -5/Factory | X0-1V1 whisked you away to safety 26238 | -5/Factory | X0-1V1 sent allied P-70 Sage (x4) 26246 | -5/Factory | Lost 15 parts (1p3n4u7w) 26262 | -5/Factory | Spotted B-75 Beast 26269 | -5/Factory | X0-1V1 activates XOMVISION 26292 | -5/Factory | Weapon slot count temporarily expanded by X0-1V1 (+3) 26295 | -5/Factory | X0-1V1 downgraded hostiles (x3) 26303 | -5/Factory | Destroyed by Y-64 Sentinel with Wave Gun Last Messages --------------- 26292_ Slug penetrates Wall. 26293_ Backup Power III severed. 26293_ Backup Power III disintegrated. 26293_ Acquired Lyr. Medium Armor Plating. 26293_ Adv. Shield Generator severed. 26295_ X0-1V1: "We can take them down a peg or two." Y-64 Sentinel reshaped into weaker Sentry. C-35 Carver reshaped into weaker Cutter. 26295_ Lyr. Medium Armor Plating severed. 26295_ C-17 Slicer knocked back. 26295_ U-05 Engineer destroyed. 26295_ K-01 Serf destroyed. 26297_ Slug penetrates Door. 26300_ Knocked back. 26300_ C-17 Slicer destroyed. 26301_ Acquired 22 matter. 26302_ U-05 Engineer builds a Door. 26302_ Acquired Surge Thruster. 26303_ U-05 Engineer lays Concrete. 26303_ X0-1V1 chortles! Map ----- +----------------------------------------------------+ | ! #??????# #???????????????????????? | | #####""" """## ##??????# #???????????????????????? | | #???#"""T"""## #???????# #???????????????????????? | | #???########## #???????# #???????????????????????? | | #????????????# #???????# #???????????????????????? | | #????????????# #???????# #???????????????????????? | | #????????????# #???????# #???????????????????????? | | ?????????????+ +???????# #???????????????????????? | | ?????????????# ????????# #???????????????????????? | | ?????????????# ????????# #???????????????????????? | | ?????????????# #???????# #???????????????????????? | | ?????????????# #???????# #???????????????????????? | | ???????????### ######### ###?????????????????????? | | ???????????# ## #?????????????????????? | | ????######## =! #?????????????????????? | | ? *=!! +?????????????????????? | | ?? ?????#### Yk%*w| #?????????????????????? | | ?# ????????# #####=u #?????????????????????? | | ?# ????????###+####??##Y ##?????????????????????? | | ?# ????????# #???# #??????????????????????? | | ## #???????#kk "" #???# ########???????????????? | | # ?####### """#???# # #???????????????? | | ! / R"#???# # #???????????????? | | # ?####### """#???# # #???????????????? | | ?#/######??# #???# # #???????????????? | | ?# #??###+####???# @c* #???????????????? | | ?# ###### #??????# u# """"#???????????????? | | ?# + #??????# # """"#???????????????? | | ?# ########??????# # """"#???????????????? | | ?# #????????????# # """"#???????????????? | | ?# #????????????#T u# #???????????????? | | ?#/######????????????## ########???????????????? | | ?# #??????????????????# #??????????????????????? | | ?# #?????????????????? Y ??????????????????????? | | ?# #?????????????????? ?????????k???u????????? | | ?# #?????????????????? > ??????????????????????? | | ?# ####??????????????# ??????????????????????? | | ?# #??????????????# ??????????????????????? | | ?# #??????????????### ##??????????????????????? | | ## #????????[???????? ????????????????????????? | | #????????????????? ????????????????????????? | | ## #??????????????????????????????????????????? | | ## #??????????????????????????????????????????? | | # #??????????????????????????????????????????? | | # #??????????????????????????????????????????? | | # #??????????????????????????????????????????? | | # #??????????????????????????????????????????? | | # ####??????????????????????????????????????????? | | ## ###???????????????????????????????????????????? | | #???????????????????????????????????????????? | +----------------------------------------------------+ Best States ------------- Heat Dissipation 115 Coolant Potential 80 Energy Generation 33 Energy Capacity 1370 Matter Stores 1000 Matter Capacity 1000 Sight Range 22 Terrain Scan Density 10 Jamming Range 16 Power Amplification 30 EM Shielding 2 Armor Coverage 600 Resistance: TH 21 Evasion (%) 64 Targeting Accuracy 12 Melee Accuracy 5 Core Analysis 8 Recoil Reduction 9 Salvage Targeting 2 Item Schematics ----------------- Com. Wheel | -10/Materials | Hacked Arm. Wheel | -9/Materials | Hacked Huge Storage Unit | -9/Materials | Hacked Robot Schematics ------------------ None Fabricated ------------ Nothing Repaired ---------- Lgt. Treads | 20% | -10/Materials Studied --------- Arm. Wheel | -9/Materials | Hacked Autogun | -9/Materials | Hacked Katana | -8/Materials | Hacked Flak Cannon | -8/Materials | Hacked Shotgun | -8/Materials | Hacked Com. Wheel | -8/Materials | Hacked Hvy. Assault Rifle | -8/Materials | Hacked Wheel | -7/Factory | Hacked Arm. Huge Wheel | -7/Factory | Hacked Flak Gun | -7/Factory | Hacked Alien Tech Used ----------------- None Achievements -------------- None Challenges ------------ None Game ------ Seed NetworkTerrabombRouter Manual? 0 Play Time 04:42:51 Cumulative 1539.3 hours Start 2026.07.12 @ 16:15:35 End 2026.07.14 @ 00:27:00 Sessions 13 Manual Loads 0 Difficulty Rogue Special Mode None Game No. 679 Rogue 679 Adventurer 0 Explorer 0 Win Type - Total 32 Types 15/7/3/0/1/1/2/2/0/1 Lore% 94 Gallery% 87 Achievement% 76 Wizard Run 0 Options --------- Layout 0 ASCII 0 Keyboard 0 Movement Numpad Keybinds 0 Fullscreen 2 Font 24/Smallcaps Map View 76x50 Zoom Use 0% Tactical HUD 1 Map Filters NONE Filters NONE Steam 1 RUN: 4fb13657-fcd2-4f96-89a7-35cfd6ce0366